 Dungeon Sprint DCSS version 0.22-a0-223-g0f5d773 (webtiles) character file.

7 Lapis the Digger (level 2, -6/22 HPs)
             Began as a Naga Earth Elementalist on Feb 18, 2018.
             Mangled by a human (7 damage)
             ... in the Dungeon (Sprint III: "The Ten Rune Challenge").
             The game lasted 00:01:36 (217 turns).

Lapis the Digger (Naga Earth Elementalist)           Turns: 217, Time: 00:01:37

Health: -6/22      AC:  1    Str: 10    XL:     2   Next: 0%
Magic:  0/5        EV: 10    Int: 15    God:
Gold:   23         SH:  4    Dex: 11    Spells: 3/6 levels left

rFire    . . .     SeeInvis +   (no weapon)
rCold    . . .     Gourm    .   (no shield)
rNeg     . . .     Faith    .   c - +0 robe
rPois    +         Spirit   .   (helmet restricted)
rElec    .         Reflect  .   (no cloak)
rCorr    .         Harm     .   (no gloves)
MR       .....     NoTele   +   (no barding)
Stlth    ++........             (no amulet)
HPRegen  0.07/turn              (no ring)
MPRegen  0.09/turn              (no ring)

@: short of breath, very slightly contaminated, very slow
A: large, antennae 1, large bone plates 1, see invisible, deformed body, poison
resistance, slowness 2, slow metabolism 1, spit poison 1, AC +0
a: Spit Poison


You were in the Dungeon.
You were not hungry.

You visited 1 branch You collected 23 gold pieces.

Inventory:

Missiles
 b - 22 stones (quivered)
Armour
 c - a +0 robe (worn)
 k - a +1 helmet of see invisible
Scrolls
 i - a scroll of blinking
 l - a scroll of immolation {unknown}
 m - a scroll of random uselessness {unknown}
 n - 2 scrolls of remove curse
 p - a scroll of holy word {unknown}
 q - a scroll of identify {unknown}
 r - a scroll of fog {unknown}
Potions
 e - a potion of heal wounds
 f - a potion of haste
 g - 2 potions of magic
 h - a potion of berserk rage
 o - 3 potions of flight
 s - 3 potions of mutation
Comestibles
 a - 3 chunks of flesh
 j - 3 rations


   Skills:
 - Level 1.5 Dodging
 - Level 3.0 Stealth
 + Level 2.5 Spellcasting
 + Level 1.0 Transmutations
 + Level 4.5 Earth Magic


You had 3 spell levels left.
You knew the following spells:

 Your Spells              Type           Power        Failure   Level  Hunger
a - Sandblast             Erth           ###...       3%          1    #......
b - Passwall              Tmut/Erth      ##........   11%         2    ###....


Dungeon Overview and Level Annotations

Branches:
Dungeon (1/1)

Altars:


Innate Abilities, Weirdness & Mutations

You cannot wear boots.
Your serpentine skin is tough. (AC +0)
You have supernaturally acute eyesight. (SInv)
Armour fits poorly on your strangely shaped body.
Your system is resistant to poisons. (rPois)
You cover ground very slowly.
You have a slow metabolism.
You can spit poison.
You have a pair of small antennae on your head.
You are partially covered in large bone plates. (SH +4)


Message History

The blast of sand hits the human.
The human is heavily wounded.
b - 22 stones You have got your breath back.
You block the human's attack.
Casting: Sandblast (safe; 3% risk of failure)
Confirm with . or Enter, or press ? or * to list all spells.
You don't have enough magic to cast that spell.
Unknown command.
The human looks more healthy.
The human hits you!
* * * LOW HITPOINT WARNING * * *
You feel better. The human hits you!
* * * LOW HITPOINT WARNING * * *
Okay, then.
Unknown command.
Press: ? - help, Shift-Dir - straight line, f/p - human
Aim: a human (severely wounded)
The splash of poison misses the human.
You feel slightly more hungry. The human hits you!
You die...

▓▓▓▓▓▓▓▓▓
▓<..#)..####
▓...#......#####
▓..##.......#..#
▓##.##.##..÷#..#
.#
##.##.###@.##+#..#
▓#.####.##p.# ...+
▓.###..##..##
#p..# ▓#.....##÷.#
#....#
###..##...##.....#
##÷.##....#......#
#..###..##.# #..#
#..#### ▓▓▓▓ ▓▓▓▓


You could see a human.

Vanquished Creatures
  An ooze (D)
  3 rats (D)
4 creatures vanquished.

Vanquished Creatures (others)
  A draconian scorcher (D)
  6 hellions (D)
  A yaktaur (D)
  3 plants (D)
11 creatures vanquished.

Grand Total: 15 creatures vanquished

Notes
Turn   | Place    | Note
-------+----------+-------------------------------------------
     0 | D        | Lapis the Naga Earth Elementalist began the quest for the Orb.
     0 | D        | Reached XP level 1. HP: 15/15 MP: 3/3
    10 | D        | Reached skill level 4 in Earth Magic
    79 | D        | Killed a yaktaur
    88 | D        | Killed a hellion
    88 | D        | Killed a hellion
    97 | D        | Killed a hellion
    99 | D        | Killed a hellion
   104 | D        | Reached XP level 2. HP: 16/22 MP: 3/5
   106 | D        | Killed a hellion
   117 | D        | Killed a hellion
   122 | D        | Learned a level 2 spell: Passwall
   165 | D        | Gained mutation: You tend to lose your temper in combat. [potion of mutation]
   165 | D        | Gained mutation: Your spells are a little easier to cast, but a little less powerful. [potion of mutation]
   165 | D        | Gained mutation: You are partially covered in molten scales. (AC +2) [potion of mutation]
   166 | D        | Lost mutation: You are partially covered in molten scales. (AC +2) [potion of mutation]
   166 | D        | Lost mutation: You tend to lose your temper in combat. [potion of mutation]
   166 | D        | Lost mutation: Your spells are a little easier to cast, but a little less powerful. [potion of mutation]
   166 | D        | Gained mutation: Your body sometimes deteriorates upon taking damage. [potion of mutation]
   166 | D        | Gained mutation: You can exhale a cloud of poison. [potion of mutation]
   166 | D        | Gained mutation: You are partially covered in large bone plates. (SH +4) [potion of mutation]
   168 | D        | Lost mutation: Your body sometimes deteriorates upon taking damage. [potion of mutation]
   168 | D        | Lost mutation: You can exhale a cloud of poison. [potion of mutation]
   168 | D        | Gained mutation: You have a pair of small antennae on your head. [potion of mutation]
   202 | D        | Killed a white draconian scorcher
   215 | D        | HP: 1/22 [human (8)]
   217 | D        | Mangled by a human

Vault maps used:
D:        dungeon_sprint_mu

Skill      XL: |  1 |
---------------+----+-----
Earth Magic    | 4 |  4.5
Dodging        | |  1.5
Stealth        | |  3.0
Spellcasting   | |  2.5
Transmutations | |  1.0

Action                   || total
-------------------------++-------
Melee: Unarmed           ||     3
Throw: Stone             ||     1
 Cast: Sandblast         ||     8
       Passwall          ||     2
 Abil: Spit Poison       ||     2
  Use: Potion            ||     4
Armor: Robe              ||     1
Dodge: Dodged            ||     4
Block: Other             ||     1

Table legend:
 A = Spawn XP
 B = Non-spawn XP
 C = Spawn XP percentage of total XP
 D = Spawn monster count
 E = Non-spawn monster count
 F = Spawn count percentage of total count
 G = Total turns spent on level
                    A         B        C        D         E        F      G
               +---------+---------+-------+---------+---------+-------+---------
         Total |       0 |      10 |   0.0 |       0 |       4 |   0.0 |   217
               +---------+---------+-------+---------+---------+-------+---------
             D |       0 |      10 |   0.0 |       0 |       4 |   0.0 |   217
               +---------+---------+-------+---------+---------+-------+---------
